 Dungeon Crawl Stone Soup version 0.30.1-11-g7821555f0a (webtiles) character file.

Game seed: 811519272412800556

4914 Ijustatesigmund the Destroyer (level 10, -4/99 HPs)
             Began as an Octopode Conjurer on Jan 13, 2024.
             Was a Priest of Vehumet.
             Slain by a wyvern (13 damage)
             ... on level 10 of the Dungeon.
             The game lasted 00:26:14 (13287 turns).

Ijustatesigmund the Destroyer (Octopode Conjurer)  Turns: 13287, Time: 00:26:14

Health: -4/99      AC:  1    Str: 13    XL:     10   Next: 51%
Magic:  20/20      EV: 13    Int: 25    God:    Vehumet [***...]
Gold:   528        SH:  0    Dex: 10    Spells: 12/22 levels left

rFire   . . .        e - +3 broad axe (vamp)
rCold   . . .        (no shield)
rNeg    + . .        (helmet restricted)
rPois   .            n - amulet of the acrobat
rElec   .            b - +6 ring of strength
rCorr   .            d - ring of positive energy
SInv    .            (no ring)
Will    .....        (no ring) Stlth
                     (no ring)
HPRegen 0.36/turn    (no ring)
MPRegen 0.17/turn    (no ring)
                     (no ring)

%: acrobat, clarity
@: berserking, very quick
A: almost no armour, amphibious, 8 rings, camouflage 1, gelatinous body 1,
(nimble swimmer 1), tentacles, fangs 1, clarity, sense surroundings 1
a: Renounce Religion


You were on level 10 of the Dungeon.
You worshipped Vehumet.
Vehumet was most pleased with you.
You visited 1 branch of the dungeon, and saw 10 of its levels.

You collected 661 gold pieces.
You spent 133 gold pieces at shops.

Inventory:

Hand Weapons
 e - a +3 vampiric broad axe (weapon)
 y - a +3 quarterstaff of chaos
 A - a +3 war axe of flaming
Missiles
 v - 2 throwing nets
Armour
 j - a +0 kite shield
Jewellery
 b - a +6 ring of strength (left tentacle)
 d - a ring of positive energy (right tentacle)
 n - an amulet of the acrobat (around mantle)
Wands
 p - a wand of charming (10)
 r - a wand of digging (6)
 s - a wand of flame (14)
Scrolls
 i - 12 scrolls of teleportation
 x - a scroll of fog
 z - a scroll of blinking
Potions
 a - 2 potions of magic
 c - 2 potions of curing
 f - 4 potions of mutation
 g - 6 potions of attraction
 h - a potion of flight
 k - a potion of ambrosia
 l - a potion of heal wounds
 m - 3 potions of resistance
 o - 3 potions of berserk rage
 q - 3 potions of might {unknown}
 t - a potion of experience {unknown}
 u - a potion of haste {unknown}
 w - 2 potions of brilliance {unknown}


   Skills:
 - Level 5.2 Fighting
 + Level 1.9 Axes
 + Level 2.5 Dodging
 - Level 2.6 Stealth
 - Level 6.9 Spellcasting
 - Level 8.3 Conjurations
 - Level 8.0 Translocations
 - Level 3.9 Earth Magic
 - Level 2.3 Evocations


You had 12 spell levels left.
You knew the following spells:

 Your Spells              Type           Power      Damage    Failure   Level
a - Magic Dart            Conj           100%       1d8       1%          1
b - Searing Ray           Conj           100%       2d8       1%          2
c - Iskenderun's Mystic   Conj/Tloc      49%        2d11      1%          4
d - Stone Arrow           Conj/Erth      78%        3d11      1%          3

Your spell library contained the following spells:

 Spells                   Type           Power      Damage    Failure   Level
 Volatile Blastmotes      Fire/Tloc      56%        2d14      1%          3
 Apportation              Tloc           98%        N/A       1%          1
 Sandblast                Erth           56%        2d13      1%          1
 Dazzling Flash           Conj/Hex       58%        N/A       1%          3
 Fulminant Prism          Conj/Hex       14%        3d8       3%          4
 Passwall                 Tmut/Erth      15%        N/A       4%          2
 Necrotise                Necr           32%        1d5       7%          1
 Summon Small Mammal      Summ           32%        N/A       7%          1
 Anguish                  Hex/Necr       4%         N/A       56%         4
 Cause Fear               Hex            4%         N/A       56%         4
 Enfeeble                 Hex            4%         N/A       100%        7


Dungeon Overview and Level Annotations

Branches:
Dungeon (10/15)            Temple (0/1) D:6             Orc (0/2) D:10
   Lair: D:8-11

Altars:
Ashenzari
Cheibriados
Dithmenos
Fedhas
Gozag
Hepliaklqana
Okawaru
Ru
Sif Muna
Trog
Uskayaw
Vehumet
Wu Jian
Yredelemnul
The Shining One

Shops:
D:8 ?


Innate Abilities, Weirdness & Mutations

You cannot wear most types of armour.
You are amphibious.
You can wear up to eight rings at the same time.
Your skin changes colour to match your surroundings (Stealth+).
Your rubbery body absorbs attacks. (AC +1, EV +1)
((You are camouflaged when in or above water. (Stealth+)))
You have tentacles for arms and can constrict up to eight enemies at once.
You have very sharp teeth.
You possess an exceptional clarity of mind.
You passively map a small area around you.


Message History

You see here a +0 quarterstaff.
You now have 528 gold pieces (gained 15).
You see here 7 stones.
A wyvern comes into view.
The wyvern completely misses you.
You hit the wyvern.
You tentacle-slap the wyvern, but do no damage.
You squeeze the wyvern.
The wyvern is moderately wounded.
The wyvern bites you! x2
You hit the wyvern. Your squeeze misses the wyvern.
The wyvern is heavily wounded.
The wyvern bites you! x2
* * * LOW HITPOINT WARNING * * *
You are too injured to fight recklessly!
You are too injured to fight recklessly!
You are too injured to fight recklessly!
You are too injured to fight recklessly!
You are too injured to fight recklessly!
You are too injured to fight recklessly!
You are too injured to fight recklessly!
You are too injured to fight recklessly!
You are too injured to fight recklessly!
You are too injured to fight recklessly!
You are too injured to fight recklessly!
A wyvern is nearby!
A red film seems to cover your vision as you go berserk!
You feel yourself moving faster!
You feel mighty! The wyvern bites you!
* * * LOW HITPOINT WARNING * * *
The wyvern barely misses you.
You slash the wyvern!
You feel better.
You bite the wyvern.
The wyvern is almost dead.
The wyvern bites you!
* * * LOW HITPOINT WARNING * * *
You barely miss the wyvern. Your squeeze misses the wyvern.
The wyvern is almost dead.
The wyvern bites you.
* * * LOW HITPOINT WARNING * * *
The wyvern bites you!
You die...

..# #...........!# * ,
.## ######..####.###.#.#
.* #..# #........ , #<.#
#.####### *
######..####.#
,.....#.......# ,
#......#####.#
#.##.##l#### #.# . *
.......@...# #.# . *
#.##.##.##.# #.#######.
#.##.##.##.####......)..
#.......##.............#
####.###########.......#
#.# #.......# #.#
###...... #.###########
#...### #.......(...#
##..#


You could see a wyvern.

Vanquished Creatures
  Joseph (D:8)
  A wraith (D:9)
  A wyvern (D:5)
  2 yaks (D:10)
  2 steam dragons
  2 water moccasins (D:7)
  An acid dragon (D:9)
  An ice beast (D:6)
  An orc warrior (D:9)
  4 ogres
  3 centaurs
  9 bullfrogs
  2 scorpions
  7 wights
  4 killer bees (D:8)
  5 orc priests
  4 hounds
  5 jellies
  Crazy Yiuf (D:7)
  11 orc wizards
  Ijyb (D:3)
  2 gnoll boudas
  An iguana (D:7)
  14 gnolls
  3 river rats (D:3)
  10 adders
  3 ufetubi
  4 worms
  2 dart slugs
  36 orcs
  14 ball pythons
  11 endoplasms
  5 giant cockroaches
  14 goblins
  9 hobgoblins
  8 jackals
  2 quokkas
  11 bats
  3 frilled lizards
  5 kobolds
  8 rats
233 creatures vanquished.

Vanquished Creatures (collateral kills)
  An orc priest (D:10)
  3 orcs (D:10)
4 creatures vanquished.

Vanquished Creatures (others)
  4 yaks (D:10)
  An orc warrior (D:10)
  An orc (D:10)
6 creatures vanquished.

Grand Total: 243 creatures vanquished

Notes
Turn   | Place    | Note
-------+----------+-------------------------------------------
     0 | D:1      | Ijustatesigmund the Octopode Conjurer began the quest for
                  | the Orb.
     0 | D:1      | Reached XP level 1. HP: 11/11 MP: 3/3
   276 | D:1      | Reached XP level 2. HP: 16/18 MP: 0/5
   285 | D:1      | Learned a level 2 spell: Searing Ray
   453 | D:1      | Found a faded altar of an unknown god.
   511 | D:1      | Reached skill level 1 in Fighting
   789 | D:1      | Reached XP level 3. HP: 23/23 MP: 4/6
  1624 | D:2      | Reached XP level 4. HP: 29/29 MP: 3/8
  2364 | D:2      | Found an iron altar of Okawaru.
  2868 | D:3      | Noticed Ijyb
  2877 | D:3      | Killed Ijyb
  2878 | D:3      | Reached XP level 5. HP: 26/35 MP: 1/9
  2887 | D:3      | Learned a level 4 spell: Iskenderun's Mystic Blast
  3220 | D:3      | Found a hazy altar of Hepliaklqana.
  3307 | D:3      | Reached skill level 1 in Translocations
  3313 | D:3      | Gained mutation: Your flesh is cold resistant. (rC+)
                  | [potion of mutation]
  3313 | D:3      | Gained mutation: You are vulnerable to heat. (rF-) [potion
                  | of mutation]
  3313 | D:3      | Gained mutation: You are agile. (Dex +4, Str/Int -1)
                  | [potion of mutation]
  3401 | D:3      | Lost mutation: Your flesh is cold resistant. (rC+) [potion
                  | of mutation]
  3401 | D:3      | Lost mutation: You are agile. (Dex +4, Str/Int -1) [potion
                  | of mutation]
  3401 | D:3      | Gained mutation: Your body sometimes deteriorates upon
                  | taking damage. [potion of mutation]
  3401 | D:3      | Gained mutation: You are somewhat resistant to further
                  | mutation. [potion of mutation]
  3402 | D:3      | Lost mutation: Your body sometimes deteriorates upon taking
                  | damage. [potion of mutation]
  3402 | D:3      | Lost mutation: You are vulnerable to heat. (rF-) [potion of
                  | mutation]
  3402 | D:3      | Lost mutation: You are somewhat resistant to further
                  | mutation. [potion of mutation]
  3402 | D:3      | Gained mutation: You passively map a small area around you.
                  | [potion of mutation]
  3402 | D:3      | Gained mutation: You have very sharp teeth. [potion of
                  | mutation]
  3402 | D:3      | Gained mutation: You possess an exceptional clarity of
                  | mind. [potion of mutation]
  3551 | D:4      | Reached skill level 5 in Conjurations
  3621 | D:4      | Noticed an ogre
  3633 | D:4      | Killed an ogre
  3634 | D:4      | Reached XP level 6. HP: 41/41 MP: 1/11
  4162 | D:4      | Found a radiant altar of Vehumet.
  4203 | D:4      | Became a worshipper of Vehumet
  4454 | D:4      | Reached XP level 7. HP: 34/45 MP: 12/12
  4736 | D:5      | Entered Level 5 of the Dungeon
  5281 | D:5      | Noticed a wyvern
  5289 | D:5      | Killed a wyvern
  5477 | D:5      | Found a shadowy altar of Dithmenos.
  5482 | D:5      | Reached * piety under Vehumet
  5482 | D:5      | Offered knowledge of Foxfire by Vehumet.
  5483 | D:5      | Reached skill level 5 in Translocations
  5483 | D:5      | Reached XP level 8. HP: 51/51 MP: 10/14
  5744 | D:5      | Found a shimmering blue altar of Sif Muna.
  5788 | D:5      | Got Sif Muna's Discourse on Bedrock
  6136 | D:6      | Reached skill level 5 in Spellcasting
  6452 | D:6      | Found a staircase to the Ecumenical Temple.
  6832 | D:6      | Reached skill level 1 in Evocations
  7002 | D:6      | Reached XP level 9. HP: 38/56 MP: 11/17
  7474 | D:6      | Found an ornate altar of the Wu Jian Council.
  8121 | D:7      | Offered knowledge of Static Discharge by Vehumet.
  8191 | D:7      | Learned a level 3 spell: Stone Arrow
  8244 | D:7      | Reached ** piety under Vehumet
  8411 | D:7      | Reached skill level 1 in Earth Magic
  9069 | D:7      | Found a runed translucent door.
  9070 | D:7      | Noticed Crazy Yiuf
  9078 | D:7      | Killed Crazy Yiuf
  9255 | D:7      | Found a glowing golden altar of the Shining One.
  9764 | D:8      | Found a bloodstained altar of Trog.
  9781 | D:8      | Found Uhyrhoa's Magic Scroll Shoppe.
  9792 | D:8      | Bought a scroll of blinking for 105 gold pieces
  9792 | D:8      | Bought a scroll of identify for 28 gold pieces
  9828 | D:8      | Offered knowledge of Volatile Blastmotes by Vehumet.
 10357 | D:8      | Found a basalt altar of Yredelemnul.
 10357 | D:8      | Found a hide-covered altar of Uskayaw.
 10359 | D:8      | Found a broken altar of Ashenzari.
 10360 | D:8      | Found a snail-covered altar of Cheibriados.
 10471 | D:8      | Noticed Joseph
 10494 | D:8      | Killed Joseph
 10495 | D:8      | Reached XP level 10. HP: 39/65 MP: 2/19
 10721 | D:8      | Found a sacrificial altar of Ru.
 11130 | D:9      | Identified the +2 spear of Doom {venom, SInv}
 11138 | D:9      | Found an opulent altar of Gozag.
 11156 | D:9      | Reached skill level 5 in Fighting
 11500 | D:9      | Found a blossoming altar of Fedhas.
 12174 | D:9      | Found an iron altar of Okawaru.
 12368 | D:10     | Entered Level 10 of the Dungeon
 12629 | D:10     | Reached *** piety under Vehumet
 12630 | D:10     | Reached skill level 1 in Axes
 12661 | D:10     | Identified the +6 great sword "Kuamimm" {heavy, Int+2}
 13008 | D:10     | Found a staircase to the Orcish Mines.
 13287 | D:10     | Slain by a wyvern

Illustrated notes

Levels and vault maps discovered:
D:1:      dpeg_arrival_erosion, layout_loops_ring,
          shapermc_ecumenical_altar_mp_ritualfount
D:2:      layout_basic, basic_altar
D:3:      layout_rooms, mainiacjoe_overflow_catwalk, portal_sewer_entry_e,
          minmay_misc_feat_diagonals, hangedman_decor_opposing, uniq_ijyb
D:4:      cheibrodos_old_hovel, layout_loops_ring, mainiacjoe_overflow_alcove_2
D:5:      layout_loops_ring, led_sif_book,
          nicolae_dithmenos_through_a_glass_darkly, nrook_mini_backslash
D:6:      layout_layer_cave, nzn_wu_jian_contemplation,
          minmay_temple_entry_overgrown
D:7:      layout_basic, nicolae_overflow_crystal_walls,
          kennysheep_pointless_box, st_stairs_13, patterned_corridor,
          uniq_crazy_yiuf_cottage
D:8:      layout_basic, trog_hazing_becter, mainiacjoe_overflow_tiny_flanked,
          grunt_temple_overflow_open, serial_shops, shop, serial_rivers,
          chequers_serial_rivers_small_b, chequers_serial_rivers_large_a,
          chequers_serial_rivers_micro_e, chequers_serial_rivers_small_3,
          chequers_serial_rivers_room_b, chequers_serial_rivers_micro_d,
          uniq_joseph
D:9:      layout_irregular_city, mainiacjoe_overflow_alcove_1,
          kennysheep_okawaru_gauntlet, nicolae_gozag_seed_capital
D:10:     layout_loops_ring, hiddenorc1_lemuel

Skill      XL: |  1  2  3  4  5  6  7  8  9 10 |
---------------+-------------------------------+-----
Fighting       | 1 2 3 4 5 |  5.2
Spellcasting   | 3 4 5 6 |  6.9
Translocations | 2 3 5 6 7 8 |  8.0
Conjurations   | 5 6 7 8 |  8.3
Evocations     | 1 2 |  2.3
Earth Magic    | 3 |  3.9
Axes           | 1 |  1.9
Dodging        | |  2.5
Stealth        | |  2.6

Action                     |  1- 3 |  4- 6 |  7- 9 | 10-12 || total
---------------------------+-------+-------+-------+-------++-------
  Melee: Unarmed           |    25 |       |       |       ||    25
         Tentacles         |     7 |     8 |    22 |    13 ||    50
         Constrict         |     4 |    11 |    28 |     9 ||    52
         Short sword       |     1 |       |       |       ||     1
         Hand axe          |       |    18 |       |       ||    18
         Halberd           |       |    23 |   122 |       ||   145
         Bite              |       |     1 |     9 |     9 ||    19
         Punch             |       |       |     1 |     2 ||     3
         Spear             |       |       |       |    31 ||    31
         Broad axe         |       |       |       |    25 ||    25
   Cast: Magic Dart        |    60 |   124 |    70 |    52 ||   306
         Searing Ray       |       |     5 |    25 |     6 ||    36
         Iskenderun's Myst |       |       |    22 |     3 ||    25
  Evoke: Wand              |       |       |       |     9 ||     9
    Use: Scroll            |       |     8 |     7 |     4 ||    19
         Potion            |       |     6 |     3 |     1 ||    10
   Stab: Sleeping          |       |     5 |     9 |     5 ||    19
 Armour: Skin              |    14 |     9 |    29 |     1 ||    53
  Dodge: Dodged            |    34 |    51 |   116 |    53 ||   254
